AoeStats
← Random

MegaRandom

504608053Analyzed
4v4 RM · 27d ago on Sep 5, 2026· 10m 0s· 8 players
Game mode
Random Map
Map size
Large (8 player)
Population
200
Speed
Normal
Resources
Standard
Victory
Conquest
Starting age
Dark Age
Ending age
Imperial Age
RankedLock teamsTeams togetherTeam positionsShared explorationLock speedFull tech treeHidden civsTurbo modeCheats
Victory
Defeat
🇨🇦 Burgundians · Canada
1644
+13
🇺🇸 Japanese · United States
1592
+15
🇯🇵 Burmese · Japan
1450
+21
🇯🇵 Aztecs · Japan
1405
+24
🇪🇸 Dravidians · Spain
1638
-21
🇩🇪 Chinese · Germany
1597
-19
🇪🇨 Magyars · Ecuador
1539
-17
🇹🇷 Tatars · Türkiye
1507
-16
The_OFLi
2:20 Loom
10:48 Feudal Age
[ECU]_American
6:38 Loom
9:31 Feudal Age
Joker
0:26 Loom
0:33 Loom
10:20 Feudal Age
Tdb.Ricardo90
0:27 Loom
7:33 Loom
9:59 Feudal Age
JOEMAMADRAGONDN
4:21 Double-Bit Axe
6:34 Loom
9:20 Feudal Age
10:23 Bow Saw
Random
10:05 Feudal Age
Odd's
4:34 Loom
11:07 Feudal Age
ふぁいやー
10:08 Feudal Age
Connection lost

Rejoining the realm…

Still unreachable

The connection could not be restored.

Session expired

The server has moved on; the page needs a fresh start.